| TOP OF THE 1ST |
|
Arkansas Travelers batting - Pitching for Northwest Arkansas Naturals : RHP Phil Kellum
|
|
Pitching: RHP Phil Kellum
|
|
|
Batting: RHB Nick Lombardo
|
0-0: Foul Ball, location: 2F 0-1: Ball 1-1: Ball 2-1: Foul Ball, location: 2F 2-2: Foul Ball, location: 2F 2-2: Ball 3-2: Base on Balls
|
|
Batting: RHB Ricky Mejicanos
|
0-0: Ball 1-0: Ball 2-0: Ball 3-0: Called Strike 3-1: Swinging Strike 3-2: Fielders Choice at 2nd, 5-4 (Groundball, 5S, EV 86.9 MPH)
|
|
Now at 2B: Edwin Ramos
|
|
|
Now at 3B: Nate De Jongh
|
|
|
Batting: RHB Juan Montez
|
0-0: Ground out 6-3 (Groundball, 6D, EV 109.4 MPH) Ricky Mejicanos to second
|
|
Batting: LHB Mutsuo IIda
|
0-0: Foul Ball, location: 2F 0-1: Foul Ball, location: 2F 0-2: Ball 1-2: Ball 2-2: Ground out 4-3 (Groundball, 34, EV 87.5 MPH)
|
| Top of the 1st over - 0 runs, 0 hits, 0 errors, 1 left on base; Arkansas 0 - Northwest Arkansas 0 |
| BOTTOM OF THE 1ST |
|
Northwest Arkansas Naturals batting - Pitching for Arkansas Travelers : RHP Josh Brewer
|
|
Pitching: RHP Josh Brewer
|
|
|
Batting: RHB Kevin Allen
|
0-0: Bunt missed! 0-1: Fly out, F9 (Flyball, 89D, EV 97.5 MPH)
|
|
Batting: RHB Carlos Almada
|
0-0: Ground out 6-3 (Groundball, 6, EV 77.5 MPH)
|
|
Batting: LHB Pablo Serrato
|
0-0: Called Strike 0-1: Foul Ball, location: 2F 0-2: Ball 1-2: Fly out, F7 (Flyball, 7, EV 83.1 MPH)
|
| Bottom of the 1st over - 0 runs, 0 hits, 0 errors, 0 left on base; Arkansas 0 - Northwest Arkansas 0 |
| TOP OF THE 2ND |
|
Arkansas Travelers batting - Pitching for Northwest Arkansas Naturals : RHP Phil Kellum
|
|
Batting: RHB Kyler Seitz
|
0-0: Ball 1-0: Called Strike 1-1: Swinging Strike 1-2: Ball 2-2: Strikes out looking
|
|
Batting: LHB Dave Hicks
|
0-0: Ball 1-0: Ball 2-0: Called Strike 2-1: Swinging Strike 2-2: Ground out 3-1 (Groundball, 34, EV 100.6 MPH)
|
|
Batting: LHB Spencer Palmer
|
0-0: Ball 1-0: Fly out, F8 (Flyball, 8LXD, EV 106.2 MPH)
|
| Top of the 2nd over - 0 runs, 0 hits, 0 errors, 0 left on base; Arkansas 0 - Northwest Arkansas 0 |
| BOTTOM OF THE 2ND |
|
Northwest Arkansas Naturals batting - Pitching for Arkansas Travelers : RHP Josh Brewer
|
|
Batting: RHB Chang-keun Baik
|
0-0: Swinging Strike 0-1: Ball 1-1: Ball 2-1: Ball 3-1: Fly out, F4 (Popup, 4, EV 56.2 MPH)
|
|
Batting: RHB Nick Julien
|
0-0: Called Strike 0-1: Foul Ball, location: 2F 0-2: Ball 1-2: SOLO HOME RUN (Line Drive, 78XD, EV 110.6 MPH), Distance : 432 ft
|
|
Batting: RHB Nate De Jongh
|
0-0: Ball 1-0: Called Strike 1-1: Ground out 3-1 (Groundball, 34S, EV 78.8 MPH)
|
|
Batting: RHB Edwin Ramos
|
0-0: Ball 1-0: Called Strike 1-1: Swinging Strike 1-2: Strikes out swinging
|
| Bottom of the 2nd over - 1 run, 1 hit, 0 errors, 0 left on base; Arkansas 0 - Northwest Arkansas 1 |
| TOP OF THE 3RD |
|
Arkansas Travelers batting - Pitching for Northwest Arkansas Naturals : RHP Phil Kellum
|
|
Batting: RHB Ryan Pelletier
|
0-0: Ball 1-0: Ball 2-0: Called Strike 2-1: Ground out 1-3 (Groundball, 23, EV 73.1 MPH)
|
|
Batting: SHB Tim Connell
|
0-0: Swinging Strike 0-1: Swinging Strike 0-2: Strikes out swinging
|
|
Batting: RHB Nick Lombardo
|
0-0: Foul Ball, location: 2F 0-1: Swinging Strike 0-2: Ball 1-2: Strikes out looking
|
| Top of the 3rd over - 0 runs, 0 hits, 0 errors, 0 left on base; Arkansas 0 - Northwest Arkansas 1 |
| BOTTOM OF THE 3RD |
|
Northwest Arkansas Naturals batting - Pitching for Arkansas Travelers : RHP Josh Brewer
|
|
Batting: RHB Jon Griffin
|
0-0: SINGLE (Groundball, 6, EV 94.4 MPH)
|
|
Batting: LHB Danny Zuniga
|
0-0: Ball 1-0: Grounds into double play, 4-6-3 (Groundball, 34, EV 105.6 MPH)
|
|
Batting: RHB Kevin Allen
|
0-0: Ball 1-0: SINGLE (Line Drive, 56D, EV 100.0 MPH)
|
|
Batting: RHB Carlos Almada
|
0-0: SINGLE (Line Drive, 34, EV 107.5 MPH) Kevin Allen to second
|
|
Batting: LHB Pablo Serrato
|
0-0: Foul Ball, location: 2F 0-1: Called Strike 0-2: Foul Ball, location: 2F 0-2: Ball 1-2: Strikes out swinging
|
| Bottom of the 3rd over - 0 runs, 3 hits, 0 errors, 2 left on base; Arkansas 0 - Northwest Arkansas 1 |
| TOP OF THE 4TH |
|
Arkansas Travelers batting - Pitching for Northwest Arkansas Naturals : RHP Phil Kellum
|
|
Batting: RHB Ricky Mejicanos
|
0-0: Called Strike 0-1: Ground out 4-3 (Groundball, 4, EV 89.4 MPH)
|
|
Batting: RHB Juan Montez
|
0-0: Ball 1-0: Ball 2-0: Called Strike 2-1: Ball 3-1: Foul Ball, location: 2F 3-2: Base on Balls
|
|
Batting: LHB Mutsuo IIda
|
0-0: Ball 1-0: Ball 2-0: Called Strike 2-1: Ball 3-1: Fly out, F4 (Popup, 4M, EV 61.9 MPH)
|
|
Batting: RHB Kyler Seitz
|
0-0: Foul Ball, location: 2F 0-1: Swinging Strike 0-2: Fly out, F9 (Flyball, 9D, EV 98.8 MPH)
|
| Top of the 4th over - 0 runs, 0 hits, 0 errors, 1 left on base; Arkansas 0 - Northwest Arkansas 1 |
| BOTTOM OF THE 4TH |
|
Northwest Arkansas Naturals batting - Pitching for Arkansas Travelers : RHP Josh Brewer
|
|
Batting: RHB Chang-keun Baik
|
0-0: Called Strike 0-1: Ball 1-1: Foul Ball, location: 2F 1-2: Ground out 5-3 (Groundball, 5, EV 97.5 MPH)
|
|
Batting: RHB Nick Julien
|
0-0: Swinging Strike 0-1: Foul Ball, location: 2F 0-2: Ball 1-2: Strikes out looking
|
|
Batting: RHB Nate De Jongh
|
0-0: Called Strike 0-1: Ball 1-1: Ball 2-1: Foul Ball, location: 2F 2-2: Ball 3-2: Fly out, F7 (Flyball, 7, EV 90.6 MPH)
|
| Bottom of the 4th over - 0 runs, 0 hits, 0 errors, 0 left on base; Arkansas 0 - Northwest Arkansas 1 |
| TOP OF THE 5TH |
|
Arkansas Travelers batting - Pitching for Northwest Arkansas Naturals : RHP Phil Kellum
|
|
Batting: LHB Dave Hicks
|
0-0: Called Strike 0-1: SINGLE (Line Drive, 56, EV 95.6 MPH)
|
|
Batting: LHB Spencer Palmer
|
0-0: Called Strike Dave Hicks steals 2nd base 0-1: Ball 1-1: DOUBLE (Line Drive, 5D, EV 95.0 MPH) Dave Hicks scores
|
|
Batting: RHB Ryan Pelletier
|
0-0: Called Strike 0-1: Ball 1-1: Called Strike 1-2: SINGLE (Groundball, 6MD, EV 109.4 MPH) (infield hit) Spencer Palmer to third
|
|
Batting: SHB Tim Connell
|
0-0: Foul Ball, location: 2F 0-1: Ball 1-1: Ball 2-1: DOUBLE (Line Drive, 5D, EV 106.9 MPH) Spencer Palmer scores Ryan Pelletier to third
|
|
Batting: RHB Nick Lombardo
|
0-0: Called Strike 0-1: Called Strike 0-2: Ball 1-2: Ball 2-2: Ground out 5-3 (Groundball, 5, EV 88.1 MPH)
|
|
Batting: RHB Ricky Mejicanos
|
0-0: Swinging Strike 0-1: Ball Balk! Ryan Pelletier scores Tim Connell to third 1-1: Foul Ball, location: 2F 1-2: Strikes out swinging
|
|
Pitching: RHP Bryan Kiefer
|
|
|
Batting: RHB Juan Montez
|
0-0: Foul Ball, location: 2F 0-1: Ball 1-1: Ball 2-1: Ball 3-1: Base on Balls
|
|
Batting: LHB Mutsuo IIda
|
0-0: Ball 1-0: Ball 2-0: Ball 3-0: Called Strike 3-1: Called Strike 3-2: Foul Ball, location: 2F 3-2: Foul Ball, location: 2F 3-2: Ground out 5-3 (Groundball, 56, EV 84.4 MPH)
|
| Top of the 5th over - 3 runs, 4 hits, 0 errors, 2 left on base; Arkansas 3 - Northwest Arkansas 1 |
| BOTTOM OF THE 5TH |
|
Northwest Arkansas Naturals batting - Pitching for Arkansas Travelers : RHP Josh Brewer
|
|
Batting: RHB Edwin Ramos
|
0-0: SINGLE (Line Drive, 56D, EV 94.4 MPH)
|
|
Batting: RHB Jon Griffin
|
0-0: Called Strike Edwin Ramos steals 2nd base 0-1: Ball 1-1: Called Strike 1-2: Fly out, F3 (Popup, 3L, EV 73.8 MPH)
|
|
Batting: LHB Danny Zuniga
|
0-0: SINGLE (Line Drive, 9S, EV 91.2 MPH) Edwin Ramos to third Runner from 3rd tries for Home, SAFE, throw by RF to home
|
|
Batting: RHB Kevin Allen
|
0-0: Called Strike 0-1: Ball 1-1: Ball 2-1: Called Strike 2-2: Ball 3-2: Base on Balls Danny Zuniga to second
|
|
Batting: RHB Carlos Almada
|
0-0: Ball 1-0: Foul Ball, location: 2F 1-1: Swinging Strike 1-2: Ball 2-2: Strikes out swinging
|
|
Batting: LHB Pablo Serrato
|
0-0: Ball 1-0: Fly out, F6 (Flyball, 56D, EV 83.8 MPH)
|
| Bottom of the 5th over - 1 run, 2 hits, 0 errors, 2 left on base; Arkansas 3 - Northwest Arkansas 2 |
| TOP OF THE 6TH |
|
Arkansas Travelers batting - Pitching for Northwest Arkansas Naturals : RHP Bryan Kiefer
|
|
Batting: RHB Kyler Seitz
|
0-0: Ball 1-0: Swinging Strike 1-1: Fly out, F4 (Popup, 23, EV 89.4 MPH)
|
|
Batting: LHB Dave Hicks
|
0-0: Ball 1-0: Ball 2-0: Ball 3-0: Called Strike 3-1: Foul Ball, location: 2F 3-2: Strikes out swinging
|
|
Batting: LHB Spencer Palmer
|
0-0: Called Strike 0-1: Called Strike 0-2: Ball 1-2: Ball 2-2: Ball 3-2: Foul Ball, location: 2F 3-2: Strikes out looking
|
| Top of the 6th over - 0 runs, 0 hits, 0 errors, 0 left on base; Arkansas 3 - Northwest Arkansas 2 |
| BOTTOM OF THE 6TH |
|
Northwest Arkansas Naturals batting - Pitching for Arkansas Travelers : RHP Josh Brewer
|
|
Batting: RHB Chang-keun Baik
|
0-0: Ground out 5-3 (Groundball, 5, EV 83.8 MPH)
|
|
Batting: RHB Nick Julien
|
0-0: Called Strike 0-1: Ball 1-1: Ball 2-1: Called Strike 2-2: Foul Ball, location: 2F 2-2: Ball 3-2: Strikes out swinging
|
|
Batting: RHB Nate De Jongh
|
0-0: Fly out, F8 (Line Drive, 8LM, EV 97.5 MPH)
|
| Bottom of the 6th over - 0 runs, 0 hits, 0 errors, 0 left on base; Arkansas 3 - Northwest Arkansas 2 |
| TOP OF THE 7TH |
|
Arkansas Travelers batting - Pitching for Northwest Arkansas Naturals : RHP Bryan Kiefer
|
|
Pitching: LHP Walter Whiteman
|
|
|
Batting: RHB Ryan Pelletier
|
0-0: Ground out 4-3 (Groundball, 34, EV 88.1 MPH)
|
|
Batting: SHB Tim Connell
|
0-0: Called Strike 0-1: Fly out, F9 (Flyball, 89M, EV 90.6 MPH)
|
|
Batting: RHB Nick Lombardo
|
0-0: Called Strike 0-1: Foul Ball, location: 2F 0-2: Ball 1-2: Strikes out swinging
|
| Top of the 7th over - 0 runs, 0 hits, 0 errors, 0 left on base; Arkansas 3 - Northwest Arkansas 2 |
| BOTTOM OF THE 7TH |
|
Northwest Arkansas Naturals batting - Pitching for Arkansas Travelers : RHP Josh Brewer
|
|
Batting: RHB Edwin Ramos
|
0-0: Ball 1-0: Called Strike 1-1: Ball 2-1: DOUBLE (Flyball, 89D, EV 100.6 MPH)
|
|
Batting: RHB Jon Griffin
|
0-0: Ball 1-0: Fly out, F5 (Line Drive, 5, EV 63.8 MPH)
|
|
Batting: LHB Danny Zuniga
|
0-0: Ball 1-0: Called Strike 1-1: Ground out 2-3 (Groundball, 15S, EV 72.5 MPH) Edwin Ramos to third
|
|
Pinch Hitting: LHB Joe Cozart
|
0-0: Ball 1-0: Called Strike 1-1: Swinging Strike 1-2: Foul Ball, location: 2F 1-2: Strikes out looking
|
| Bottom of the 7th over - 0 runs, 1 hit, 0 errors, 1 left on base; Arkansas 3 - Northwest Arkansas 2 |
| TOP OF THE 8TH |
|
Arkansas Travelers batting - Pitching for Northwest Arkansas Naturals : LHP Walter Whiteman
|
|
Now in RF: Josh Dalton
|
|
|
Batting: RHB Ricky Mejicanos
|
0-0: Called Strike 0-1: Ball 1-1: Ground out U3 (Groundball, 13, EV 89.4 MPH)
|
|
Batting: RHB Juan Montez
|
0-0: Ground out 4-3 (Groundball, 4, EV 86.9 MPH)
|
|
Batting: LHB Mutsuo IIda
|
0-0: Called Strike 0-1: Ball 1-1: Ball 2-1: Foul Ball, location: 2F 2-2: Reached on error, E6 (Line Drive, 6, EV 63.8 MPH)
|
|
Batting: RHB Kyler Seitz
|
0-0: Foul Ball, location: 2F 0-1: Called Strike 0-2: Ball 1-2: Fielders Choice at 2nd, 6-4 (Groundball, 6, EV 98.8 MPH)
|
| Top of the 8th over - 0 runs, 0 hits, 1 error, 1 left on base; Arkansas 3 - Northwest Arkansas 2 |
| BOTTOM OF THE 8TH |
|
Northwest Arkansas Naturals batting - Pitching for Arkansas Travelers : RHP Josh Brewer
|
|
Pitching: RHP Kennie Williams
|
|
|
Batting: RHB Carlos Almada
|
0-0: Ball 1-0: Ball 2-0: Called Strike 2-1: Foul Ball, location: 2F 2-2: Ball 3-2: Base on Balls
|
|
Pitching: LHP Jose Rivera
|
|
|
Batting: LHB Pablo Serrato
|
0-0: Ball 1-0: Called Strike 1-1: Foul Ball, location: 2F 1-2: Ball 2-2: Strikes out swinging
|
|
Pitching: RHP Jose Alvarado
|
|
|
Batting: RHB Chang-keun Baik
|
0-0: Fielders Choice at 2nd, 1-6 (Groundball, 34S, EV 62.5 MPH)
|
|
Batting: RHB Nick Julien
|
0-0: Called Strike 0-1: Swinging Strike 0-2: Hit by Pitch Chang-keun Baik to second
|
|
Batting: RHB Nate De Jongh
|
0-0: Ball 1-0: Ball 2-0: SINGLE (Line Drive, 8LS, EV 105.6 MPH) Chang-keun Baik to third Nick Julien to second
|
|
Batting: RHB Edwin Ramos
|
0-0: Ball 1-0: Ground out 5-3 (Groundball, 56, EV 96.9 MPH)
|
| Bottom of the 8th over - 0 runs, 1 hit, 0 errors, 3 left on base; Arkansas 3 - Northwest Arkansas 2 |
| TOP OF THE 9TH |
|
Arkansas Travelers batting - Pitching for Northwest Arkansas Naturals : LHP Walter Whiteman
|
|
Pitching: RHP John Barnett
|
|
|
Batting: LHB Dave Hicks
|
0-0: Ball 1-0: Ball 2-0: Called Strike 2-1: Ball 3-1: Foul Ball, location: 2F 3-2: Base on Balls
|
|
Batting: LHB Spencer Palmer
|
0-0: Ball 1-0: Ball Dave Hicks steals 2nd, throwing error, E2 Dave Hicks to third 2-0: SINGLE (Groundball, 34D, EV 101.2 MPH) Dave Hicks scores
|
|
Batting: RHB Ryan Pelletier
|
0-0: Foul Ball, location: 2F 0-1: Sac Bunt to 13 - play at first, batter OUT! 1-3 Spencer Palmer to second
|
|
Batting: SHB Tim Connell
|
0-0: Fly out, F8 (Flyball, 78M, EV 90.6 MPH)
|
|
Batting: RHB Nick Lombardo
|
0-0: Ball 1-0: Ball 2-0: Called Strike 2-1: 2-RUN HOME RUN (Flyball, 7LD, EV 98.1 MPH), Distance : 368 ft
|
|
Pitching: RHP Josh Rutledge
|
|
|
Batting: RHB Ricky Mejicanos
|
0-0: SINGLE (Line Drive, 8LS, EV 93.8 MPH)
|
|
Batting: RHB Juan Montez
|
0-0: Ball Ricky Mejicanos steals 2nd, throwing error, E2 Ricky Mejicanos to third 1-0: Fly out, F8 (Flyball, 8LD, EV 96.2 MPH)
|
| Top of the 9th over - 3 runs, 3 hits, 2 errors, 1 left on base; Arkansas 6 - Northwest Arkansas 2 |
| BOTTOM OF THE 9TH |
|
Northwest Arkansas Naturals batting - Pitching for Arkansas Travelers : RHP Jose Alvarado
|
|
Pitching: RHP Jason Smallwood
|
|
|
Batting: RHB Jon Griffin
|
0-0: Called Strike 0-1: Ball 1-1: Foul Ball, location: 2F 1-2: Fly out, F9 (Line Drive, 9, EV 87.5 MPH)
|
|
Batting: LHB Danny Zuniga
|
0-0: Ball 1-0: Called Strike 1-1: Foul Ball, location: 2F 1-2: Ball 2-2: Strikes out looking
|
|
Batting: LHB Josh Dalton
|
0-0: Called Strike 0-1: Called Strike 0-2: Ball 1-2: Foul Ball, location: 2F 1-2: Strikes out swinging
|
| Bottom of the 9th over - 0 runs, 0 hits, 0 errors, 0 left on base; Arkansas 6 - Northwest Arkansas 2 |
|